[Event "Titled Tuesday Blitz March 07 Early 2023"]
[White "Baruch, Liam"]
[Black "Jiganchine, Roman"]
[WhiteFideId "14322064"]
[BlackFideId "2603667"]
[WhiteElo "2086"]
[BlackElo "2313"]
[Result "0-1"]
[Round "11"]
[TimeControl "180+2"]
[Date "2023.03.07"]
[WhiteClock "0:00:01"]
[BlackClock "0:00:06"]

1. e4 c6 2. d4 d5 3. exd5 cxd5 4. Bd3 Nc6 5. c3 Qc7 6. h3 Nf6 7. Nf3 g6 8. O-O Bf5 9. Re1 Bxd3 10. Qxd3 Bg7 11. Ne5 O-O 12. Bf4 Qb6 13. Nd2 e6 14. Ndf3 Rac8 15. Rab1 Rfd8 16. Qe3 Ne4 17. Nd3 Qa6 18. a3 Nd6 19. Nc5 Qb6 20. Ng5 Nc4 21. Qe2 e5 22. Be3 exd4 23. cxd4 Nxd4 24. Bxd4 Bxd4 25. Nd3 Bg7 26. Qe7 Rf8 27. Nf4 Qd6 28. Qxd6 Nxd6 29. Nxd5 h6 30. Nf3 Rc2 31. Ne7+ Kh7 32. b4 Nc4 33. Nd5 Nb6 34. Ne3 Rcc8 35. Red1 Rfd8 36. Rxd8 Rxd8 37. Kf1 Nd5 38. Ke2 Nc3+ 39. Ke1 Nxb1 40. Kf1 Nxa3 41. Ke2 Nb5 42. g3 a6 43. Nd2 Nd4+ 44. Kd1 Nb5 45. Kc2 Bc3 46. Ne4 Bg7 47. Nc5 Nd4+ 48. Kc1 b6 49. Nxa6 Ne2+ 50. Kc2 Nd4+ 51. Kc1 Rc8+ 52. Kd1 Bf8 53. f4 Nb5 54. Kd2 Ra8 55. Nc5 0-1


[Site "https://www.chess.com"]

[Event "Titled Tuesday Blitz March 07 Early 2023"]
[White "Filgueira, Hernan"]
[Black "Torres Dominguez, David"]
[WhiteFideId "101770"]
[BlackFideId "2220857"]
[WhiteElo "2363"]
[BlackElo "1999"]
[Result "1-0"]
[Round "11"]
[TimeControl "180+2"]
[Date "2023.03.07"]
[WhiteClock "0:02:37"]
[BlackClock "0:01:19"]

1. c4 e5 2. Nc3 Nc6 3. Nf3 f5 4. d4 e4 5. Ng5 Bb4 6. Nh3 Bxc3+ 7. bxc3 d6 8. e3 Nf6 9. Nf4 O-O 10. Ba3 b6 11. c5 d5 12. c4 Re8 13. cxd5 Nxd5 14. Bc4 Ne7 15. cxb6 axb6 16. Bxe7 1-0


[Site "https://www.chess.com"]

[Event "Titled Tuesday Blitz March 07 Early 2023"]
[White "Liu, Yi"]
[Black "Thiel, Thomas"]
[WhiteFideId "3210588"]
[BlackFideId "4615964"]
[WhiteElo "2264"]
[BlackElo "2238"]
[Result "1/2-1/2"]
[Round "11"]
[TimeControl "180+2"]
[Date "2023.03.07"]
[WhiteClock "0:00:03"]
[BlackClock "0:00:15"]

1. e4 d5 2. exd5 Nf6 3. d4 Nxd5 4. c4 Nb6 5. Nf3 g6 6. Nc3 Bg7 7. Be3 O-O 8. Be2 Bg4 9. b3 Nc6 10. O-O Bxf3 11. Bxf3 Nxd4 12. Bxb7 Rb8 13. Be4 f5 14. Bd3 e5 15. Bxd4 Qxd4 16. Nb5 Qc5 17. Rb1 a5 18. Qe2 e4 19. Bc2 c6 20. Nc7 Qe5 21. Na6 Ra8 22. c5 Nd7 23. Qc4+ Kh8 24. Rfd1 Qe7 25. Rd2 Ne5 26. Qe2 f4 27. Bxe4 f3 28. gxf3 Qg5+ 29. Kf1 Nxf3 30. Bxf3 Rxf3 31. Qxf3 Qxd2 32. Rd1 Qc2 33. Nc7 Rf8 34. Qe2 Qf5 35. Re1 Bd4 36. Ne6 Qxf2+ 37. Qxf2 Rxf2+ 38. Kg1 Rd2+ 39. Kf1 Rf2+ 40. Kg1 Rd2+ 41. Kf1 Rf2+ 1/2-1/2


[Site "https://www.chess.com"]

[Event "Titled Tuesday Blitz March 07 Early 2023"]
[White "Kohler, Aran"]
[Black "Vargas Rodriguez, Wilver"]
[WhiteFideId "1002856"]
[BlackFideId "3509672"]
[WhiteElo "2242"]
[BlackElo "2238"]
[Result "1-0"]
[Round "11"]
[TimeControl "180+2"]
[Date "2023.03.07"]
[WhiteClock "0:00:32"]
[BlackClock "0:00:02"]

1. d4 Nf6 2. Nf3 c5 3. d5 d6 4. Nc3 g6 5. e4 Bg7 6. h3 O-O 7. Be2 e6 8. Bg5 Nbd7 9. dxe6 fxe6 10. Qxd6 Qe8 11. Bc4 Nb6 12. Qxc5 Bd7 13. Qb4 Rc8 14. Bb3 Rxc3 15. bxc3 Bc6 16. Nd4 Nxe4 17. Be3 Nd5 18. Bxd5 Bxd5 19. O-O Be5 20. c4 Bd6 21. Qb3 Bc6 22. Nxc6 bxc6 23. Rad1 Bb8 24. Qd3 Nd6 25. Bc5 Nb7 26. Bxf8 Qxf8 27. Qd7 Nd6 28. Qxe6+ Nf7 29. Rd7 Bh2+ 30. Kxh2 Qb8+ 31. Kg1 Kh8 32. Qxf7 Qh2+ 33. Kxh2 1-0


[Site "https://www.chess.com"]

[Event "Titled Tuesday Blitz March 07 Early 2023"]
[White "Tagliati, Eleonore"]
[Black "Burdalev, Kirill"]
[WhiteFideId "45172234"]
[BlackFideId "14121913"]
[WhiteElo "2224"]
[BlackElo "2236"]
[Result "0-1"]
[Round "11"]
[TimeControl "180+2"]
[Date "2023.03.07"]
[WhiteClock "0:00:44"]
[BlackClock "0:00:51"]

1. e4 c5 2. Nf3 d6 3. Bb5+ Nd7 4. c4 a6 5. Ba4 Nf6 6. Nc3 e5 7. d3 g6 8. Bg5 Bg7 9. Qd2 O-O 10. O-O Nb8 11. Bh6 Nh5 12. Bxg7 Kxg7 13. Nd5 Nc6 14. a3 f5 15. b4 fxe4 16. dxe4 Rxf3 17. gxf3 Nd4 18. Qe3 Bh3 19. Rfd1 Nf4 20. Nxf4 exf4 0-1


[Site "https://www.chess.com"]

[Event "Titled Tuesday Blitz March 07 Early 2023"]
[White "Comas Fabrego, Lluis"]
[Black "Buscar, Michael"]
[WhiteFideId "2200325"]
[BlackFideId "2603616"]
[WhiteElo "2523"]
[BlackElo "2010"]
[Result "0-1"]
[Round "11"]
[TimeControl "180+2"]
[Date "2023.03.07"]
[WhiteClock "0:00:06"]
[BlackClock "0:00:13"]

1. Nf3 Nf6 2. c4 c5 3. Nc3 Nc6 4. d4 cxd4 5. Nxd4 g6 6. e4 Bg7 7. Be3 O-O 8. Be2 d6 9. O-O Bd7 10. Qd2 Re8 11. f3 Rc8 12. Rfc1 Qa5 13. Rab1 Nxd4 14. Bxd4 Be6 15. b4 Qd8 16. Nd5 Bxd5 17. cxd5 a6 18. a4 Nd7 19. Bxg7 Kxg7 20. Qd4+ f6 21. a5 Rxc1+ 22. Rxc1 Qb8 23. Qc3 Kf7 24. Kf1 Qa7 25. Qc7 Nf8 26. b5 axb5 27. Bxb5 Ra8 28. Qb6 Qxa5 29. Qxb7 Ra7 30. Qc6 Ra8 31. Qb7 g5 32. Rc7 Ng6 33. Kf2 h5 34. Be2 h4 35. g3 h3 36. f4 gxf4 37. gxf4 Qd2 38. f5 Qf4+ 0-1


[Site "https://www.chess.com"]

[Event "Titled Tuesday Blitz March 07 Early 2023"]
[White "Grabinsky, Vladimir"]
[Black "Lauridsen, Jesper Morch"]
[WhiteFideId "14107074"]
[BlackFideId "1401890"]
[WhiteElo "2027"]
[BlackElo "2289"]
[Result "0-1"]
[Round "11"]
[TimeControl "180+2"]
[Date "2023.03.07"]
[WhiteClock "0:00:09"]
[BlackClock "0:00:27"]

1. e4 e5 2. Nf3 Nc6 3. d4 exd4 4. c3 d5 5. exd5 Qxd5 6. cxd4 Bg4 7. Be2 Bb4+ 8. Nc3 Bxf3 9. Bxf3 Qc4 10. Be2 Bxc3+ 11. bxc3 Qxc3+ 12. Bd2 Qxd4 13. Qc1 O-O-O 14. Rb1 Nf6 15. Be3 Qe5 16. O-O h5 17. Bf3 Ng4 18. Bf4 Qf6 19. Bg5 Qd6 20. Bf4 Nge5 21. Bxc6 bxc6 22. Qb2 Nf3+ 23. gxf3 Qxf4 24. Qb7+ Kd7 25. Rfd1+ Ke7 26. Qxc6 Rh6 27. Qc5+ Rhd6 28. Qxc7+ R8d7 29. Qc5 h4 30. Re1+ Kf6 31. Re4 Rd1+ 32. Rxd1 Rxd1+ 33. Kg2 h3+ 34. Kxh3 Qxf3+ 35. Kh4 Qxe4+ 0-1


[Site "https://www.chess.com"]

[Event "Titled Tuesday Blitz March 07 Early 2023"]
[White "Abrosimov, Vladimir"]
[Black "Thomas, Anysia"]
[WhiteFideId "4166892"]
[BlackFideId "670472"]
[WhiteElo "2336"]
[BlackElo "2091"]
[Result "1-0"]
[Round "11"]
[TimeControl "180+2"]
[Date "2023.03.07"]
[WhiteClock "0:00:08"]
[BlackClock "0:00:01"]

1. c4 g6 2. Nc3 c5 3. g3 Bg7 4. Bg2 Nc6 5. d3 e6 6. e4 Nge7 7. Nge2 O-O 8. O-O b6 9. f4 Bb7 10. e5 d5 11. cxd5 Nxd5 12. Nxd5 exd5 13. d4 cxd4 14. Nxd4 Nxd4 15. Qxd4 f6 16. Bd2 Qd7 17. Bb4 fxe5 18. fxe5 Rfe8 19. Rae1 Rad8 20. Bd6 Qe6 21. Qh4 Ba6 22. Bh3 Rxd6 23. Bxe6+ Rdxe6 24. Rf3 Bxe5 25. Rfe3 d4 26. Ra3 d3 27. Rxa6 Bd4+ 28. Qxd4 Rxe1+ 29. Kg2 R1e2+ 30. Kh3 d2 31. Rxa7 R2e4 32. Qg7# 1-0


[Site "https://www.chess.com"]

[Event "Titled Tuesday Blitz March 07 Early 2023"]
[White "Gamage, Wanshini Vidusama"]
[Black "Prieto Aranguren, Alain"]
[WhiteFideId "9953752"]
[BlackFideId "2268906"]
[WhiteElo "2186"]
[BlackElo "2209"]
[Result "0-1"]
[Round "11"]
[TimeControl "180+2"]
[Date "2023.03.07"]
[WhiteClock "0:00:42"]
[BlackClock "0:01:11"]

1. e4 c6 2. d4 d5 3. e5 c5 4. Nf3 Nc6 5. dxc5 Bg4 6. Bb5 e6 7. Be3 Ne7 8. Nbd2 Nf5 9. Qe2 Nxe3 10. Qxe3 Qa5 11. Bxc6+ bxc6 12. O-O Bxc5 13. Qg5 Bxf3 14. Nxf3 O-O 15. c3 Qd8 16. Qxd8 Rfxd8 17. Nd4 Bxd4 18. cxd4 Rab8 19. b3 Rb4 20. Rfd1 Rc8 21. Rac1 a5 22. Rc5 a4 23. Rd3 g5 24. f3 Kg7 25. Kf2 Kg6 26. g4 h5 27. h3 hxg4 28. hxg4 Ra8 29. Rxc6 axb3 30. axb3 Ra3 31. Rcc3 Ra2+ 32. Ke3 Rb2 33. f4 Rb5 34. Kf3 Rb8 35. Ke3 Rh8 36. fxg5 Kxg5 37. Rd2 Rh3+ 38. Ke2 Rh2+ 0-1


[Site "https://www.chess.com"]

[Event "Titled Tuesday Blitz March 07 Early 2023"]
[White "Osuna Vega, Enrique"]
[Black "laurynaszaveckis"]
[WhiteFideId "2219549"]
[WhiteElo "2178"]
[BlackElo "2262"]
[Result "1-0"]
[Round "11"]
[TimeControl "180+2"]
[Date "2023.03.07"]
[WhiteClock "0:00:01"]
[BlackClock "0:00:01"]

1. e4 Nf6 2. d3 d5 3. Nd2 e5 4. Ngf3 Bc5 5. h3 O-O 6. c3 Re8 7. Be2 Nh5 8. Nf1 dxe4 9. dxe4 Qxd1+ 10. Bxd1 Nf4 11. Bxf4 exf4 12. N1d2 f5 13. e5 Nc6 14. O-O Nxe5 15. Nxe5 Rxe5 16. Nf3 Re7 17. Bb3+ Be6 18. Rfe1 Bxb3 19. Rxe7 Bxe7 20. axb3 a6 21. Rd1 Bd6 22. Nd4 g6 23. Re1 Kf7 24. Kf1 Re8 25. Rxe8 Kxe8 26. f3 Ke7 27. Ke2 Bc5 28. Nc2 g5 29. Kd3 Kd6 30. b4 Bg1 31. c4 b6 32. Na1 h5 33. Nb3 Ke5 34. Nd2 Be3 35. Nb3 g4 36. Na1 Bc1 37. b3 Be3 38. Nc2 Bf2 39. Na1 Kd6 40. Nc2 Ke5 41. Na3 c6 42. Nc2 Bh4 43. Nd4 c5 44. bxc5 bxc5 45. Nc6+ Kd6 46. Na5 Bf6 47. Nb7+ Kc6 48. Na5+ Kb6 49. b4 cxb4 50. Nb3 a5 51. c5+ Kb5 52. c6 Kxc6 53. Nxa5+ Kb5 54. Nb3 g3 55. Nd2 Ka4 56. Kc4 Bc3 57. Nb3 Be1 58. Nc5+ Ka3 59. Nb3 Bf2 60. Nd2 Be1 61. Nb3 Kb2 62. Nc5 Kc2 63. Nb3 Kd1 64. Kd3 Bc3 65. Nc5 Ke1 66. Ne6 Bd2 67. Kc4 Kf2 68. Kd3 Be3 69. Ng5 Kxg2 70. Kc2 1-0


[Site "https://www.chess.com"]

[Event "Titled Tuesday Blitz March 07 Early 2023"]
[White "Kriti Mayur Patel"]
[Black "Blokhin, Sofia"]
[WhiteFideId "35061780"]
[BlackFideId "4508190"]
[WhiteElo "1306"]
[BlackElo "1994"]
[Result "1-0"]
[Round "11"]
[TimeControl "180+2"]
[Date "2023.03.07"]
[WhiteClock "0:00:05"]
[BlackClock "0:00:04"]

1. e4 c5 2. d4 cxd4 3. c3 dxc3 4. Nxc3 e6 5. Nf3 Nc6 6. Bc4 a6 7. Bg5 Be7 8. Be3 d6 9. O-O Nf6 10. Qe2 Qc7 11. Rac1 Qb8 12. Rfd1 b5 13. Bb3 Bb7 14. Bf4 e5 15. Bg5 O-O 16. Nd5 Nxd5 17. Bxd5 Nd4 18. Nxd4 Bxg5 19. Nc6 Qe8 20. Rc3 Rc8 21. Nb4 Rxc3 22. bxc3 Bc8 23. Bc6 Qe6 24. Bd5 Qh6 25. Nc6 Qh4 26. h3 Kh8 27. Bb3 f5 28. Rxd6 fxe4 29. Nxe5 e3 30. Nf7+ Rxf7 31. Bxf7 Bf4 32. Rd5 Bb7 33. Rh5 exf2+ 34. Qxf2 Qf6 35. Bb3 Bh2+ 36. Kf1 Bxg2+ 37. Kxg2 Qg6+ 38. Kxh2 Qd6+ 39. Qg3 g6 40. Qxd6 Kg7 41. Qe7+ Kh8 42. Qf8# 1-0


[Site "https://www.chess.com"]

[Event "Titled Tuesday Blitz March 07 Early 2023"]
[White "Aanan, Shafiuddin"]
[Black "Qashashvili, Alexandre"]
[WhiteFideId "3242633"]
[BlackFideId "13600842"]
[WhiteElo "1648"]
[BlackElo "2405"]
[Result "1-0"]
[Round "11"]
[TimeControl "180+2"]
[Date "2023.03.07"]
[WhiteClock "0:01:22"]
[BlackClock "0:02:06"]

1. e4 c6 2. d4 d5 3. e5 Bf5 4. h4 h5 5. Bd3 Bxd3 6. Qxd3 e6 7. Bg5 Be7 8. Nf3 Nh6 9. Bxh6 Rxh6 10. c3 Nd7 11. Nbd2 g5 12. hxg5 Bxg5 13. Nxg5 Qxg5 14. g3 O-O-O 15. Nf3 Qg4 16. O-O-O Rg8 17. Kb1 f6 18. Rde1 fxe5 19. Nxe5 Nxe5 20. Rxe5 Rf8 21. f4 h4 22. Rg5 hxg3 23. Rxg4 Rxh1+ 24. Kc2 Rh2+ 25. Kb3 g2 26. Qg3 Rfh8 27. Rg8+ Rxg8 28. Qxg8+ Kc7 29. Qg3 Rh4 30. Qxg2 Rxf4 31. Qg3 e5 32. dxe5 Kb6 33. Qxf4 c5 34. e6 a5 35. e7 c4+ 36. Kc2 a4 37. Qd6+ Ka7 38. e8=Q a3 39. Qa4# 1-0


[Site "https://www.chess.com"]

[Event "Titled Tuesday Blitz March 07 Early 2023"]
[White "Burke, John F"]
[Black "Zaksaite, Salomeja"]
[WhiteFideId "2052970"]
[BlackFideId "12801496"]
[WhiteElo "2216"]
[BlackElo "2059"]
[Result "0-1"]
[Round "11"]
[TimeControl "180+2"]
[Date "2023.03.07"]
[WhiteClock "0:00:12"]
[BlackClock "0:00:03"]

1. d4 Nf6 2. c4 g6 3. Nc3 Bg7 4. e4 d6 5. f3 O-O 6. Nge2 c5 7. Be3 cxd4 8. Nxd4 Nc6 9. Qd2 Bd7 10. Rc1 Qa5 11. Nb3 Qb4 12. Be2 Na5 13. Nxa5 Qxa5 14. O-O Rac8 15. Rfd1 Rfe8 16. h3 a6 17. f4 b5 18. c5 b4 19. Nd5 Nxe4 20. Qxb4 Qxb4 21. Nxb4 a5 22. c6 Be6 23. Nd5 Bxb2 24. Rc2 Ba3 25. Bf3 Bf5 26. Rc4 Nc5 27. Nb6 Rb8 28. Na4 Nxa4 29. Rxa4 Bb4 30. a3 Bc2 31. axb4 Bxa4 32. Ra1 Rxb4 33. Bd2 Rc4 34. Bxa5 Bxc6 35. Be2 Rxf4 36. Bd2 Rd4 37. Bh6 Rb4 38. Ra7 Rb2 39. Bf1 f6 40. Rc7 Bd5 41. Bc1 Ra2 42. Bb5 Rb8 43. Bf1 Kf7 44. Bf4 Ke6 0-1


[Site "https://www.chess.com"]

[Event "Titled Tuesday Blitz March 07 Early 2023"]
[White "Zaichenko, Daria"]
[Black "Ciuffoletti, Paolo"]
[WhiteFideId "4197453"]
[BlackFideId "807630"]
[WhiteElo "2039"]
[BlackElo "2143"]
[Result "1-0"]
[Round "11"]
[TimeControl "180+2"]
[Date "2023.03.07"]
[WhiteClock "0:00:54"]
[BlackClock "0:00:01"]

1. e4 c5 2. Nf3 Nc6 3. d4 cxd4 4. Nxd4 Nf6 5. Nc3 e5 6. Ndb5 d6 7. Bg5 a6 8. Na3 b5 9. Nd5 Be7 10. Bxf6 Bxf6 11. c3 O-O 12. Nc2 Rb8 13. Be2 a5 14. O-O Bg5 15. Nce3 Ne7 16. Kh1 Be6 17. f4 Bxd5 18. Nxd5 Nxd5 19. Qxd5 Bxf4 20. g3 Be3 21. Bxb5 Bc5 22. a4 Qg5 23. Rf5 Qe7 24. Raf1 g6 25. Rf6 Kg7 26. Qd2 h6 27. Bc4 Qxf6 28. Rxf6 Kxf6 29. Qxh6 Rh8 30. Qd2 Rh7 31. h4 Rf8 32. Kg2 Kg7 33. Qg5 Rh5 34. Qe7 g5 35. hxg5 Rh7 36. Qf6+ Kg8 37. g6 Rg7 38. Bxf7+ Rfxf7 39. gxf7+ Rxf7 40. Qd8+ Kg7 41. Qxa5 Rf2+ 42. Kh3 Rxb2 43. Qc7+ Kf6 44. Qd8+ Kf7 45. a5 Ra2 46. Qc8 1-0


[Site "https://www.chess.com"]

[Event "Titled Tuesday Blitz March 07 Early 2023"]
[White "Jesusesmifuerza"]
[Black "De Souza, Cristiano Gomes"]
[BlackFideId "2151758"]
[WhiteElo "2055"]
[BlackElo "2068"]
[Result "0-1"]
[Round "11"]
[TimeControl "180+2"]
[Date "2023.03.07"]
[WhiteClock "0:00:12"]
[BlackClock "0:01:41"]

1. d4 Nf6 2. Bg5 c5 3. d5 Qb6 4. Nc3 Qxb2 5. Bd2 Qb6 6. e4 d6 7. f4 Bg4 8. Be2 Bxe2 9. Qxe2 e6 10. e5 Nxd5 11. Nxd5 exd5 12. exd6+ Kd7 13. Qg4+ Kxd6 14. Nf3 Nc6 15. O-O Re8 16. Rfe1 Qd8 17. Rxe8 Qxe8 18. Re1 Qd7 19. f5 Kc7 20. Bf4+ Kc8 21. Qg3 g6 22. f6 h5 23. h4 Bh6 24. Ng5 Bxg5 25. hxg5 Re8 26. Rxe8+ Qxe8 27. Qd3 Qe4 28. Qxe4 dxe4 29. Kf2 Kd7 30. Ke3 Nd4 31. c4 a6 32. Kxe4 b5 33. Kd5 bxc4 34. Kxc4 Ne6 35. Be3 Kc6 36. a4 Kd6 37. g3 Ke5 38. Bxc5 Kf5 39. Be3 Nxg5 40. Bxg5 Kxg5 41. Kc5 Kg4 42. Kb6 Kxg3 43. Kxa6 h4 44. Kb5 h3 45. a5 h2 46. a6 h1=Q 47. a7 Qb7+ 0-1


[Site "https://www.chess.com"]

[Event "Titled Tuesday Blitz March 07 Early 2023"]
[White "Quirke, Jeffrey"]
[Black "Piesik, Piotr"]
[WhiteFideId "2013029"]
[BlackFideId "1136194"]
[WhiteElo "2199"]
[BlackElo "2311"]
[Result "0-1"]
[Round "11"]
[TimeControl "180+2"]
[Date "2023.03.07"]
[WhiteClock "0:00:04"]
[BlackClock "0:00:53"]

1. e4 g6 2. d4 Bg7 3. c3 d6 4. Bd3 Nd7 5. Nf3 e5 6. O-O Ngf6 7. Re1 O-O 8. Nbd2 b6 9. a4 a5 10. dxe5 dxe5 11. Qc2 Bb7 12. b3 Nc5 13. Bc4 Nfd7 14. Ba3 Qf6 15. Nf1 Rfd8 16. N3d2 Ne6 17. Ne3 c6 18. b4 axb4 19. cxb4 Nd4 20. Qb1 Qg5 21. Bb2 Nf6 22. a5 b5 23. Bf1 Ng4 24. Bxd4 exd4 25. Nxg4 Qxd2 26. e5 Bc8 27. Nf6+ Bxf6 28. exf6 Qf4 29. Ra3 Qxf6 30. Rf3 Qd6 31. Bd3 Be6 32. h4 Bd5 33. Rg3 Re8 34. Rf1 Bc4 35. h5 Bxd3 36. Qxd3 Re6 37. h6 Qxb4 38. f4 Qc3 39. Qxc3 dxc3 40. Rxc3 Rxa5 41. Rd1 Kf8 42. Rd8+ Re8 43. Rxe8+ Kxe8 44. Rxc6 b4 45. Rb6 Rh5 46. Rxb4 Rxh6 47. Kf2 Rh1 48. Kf3 h5 49. g3 Rg1 50. Rb6 Kf8 51. Kf2 Ra1 52. Kf3 Kg7 53. Kf2 Ra3 54. Kg2 Re3 55. Rb5 Kf6 56. Kf2 Re6 57. Kg2 Rc6 58. Kf3 Ke6 59. Ra5 Rc3+ 60. Kf2 Rc2+ 61. Kf3 Rh2 62. Rb5 Rd2 63. Ra5 Rd5 64. Ra6+ Kf5 65. Ra4 Rd3+ 66. Kf2 Kg4 67. Ra7 Rf3+ 68. Ke2 Kxg3 69. Rxf7 Rxf4 0-1


[Site "https://www.chess.com"]

[Event "Titled Tuesday Blitz March 07 Early 2023"]
[White "Kiseleva, Arina"]
[Black "Kukula, Pawel"]
[WhiteFideId "4164989"]
[BlackFideId "1115081"]
[WhiteElo "1756"]
[BlackElo "2012"]
[Result "1-0"]
[Round "11"]
[TimeControl "180+2"]
[Date "2023.03.07"]
[WhiteClock "0:00:07"]
[BlackClock "0:00:10"]

1. d4 e6 2. Nf3 f5 3. g3 Nf6 4. Bg2 Be7 5. O-O d6 6. c4 O-O 7. b3 a5 8. Bb2 Ne4 9. Nbd2 Bf6 10. Qc2 Nxd2 11. Nxd2 Nc6 12. e3 Qe8 13. d5 Nb4 14. Qb1 e5 15. Rc1 g5 16. c5 f4 17. exf4 gxf4 18. cxd6 cxd6 19. Ne4 fxg3 20. hxg3 Qe7 21. a3 Na6 22. Qd3 Bf5 23. Nxf6+ Qxf6 24. Qe2 Nc5 25. Rc3 Rae8 26. b4 Na4 27. Rc7 Nxb2 28. Qxb2 axb4 29. Rxb7 b3 30. Rxb3 Re7 31. a4 Ref7 32. a5 Rc7 33. Rc3 Rxc3 34. Qxc3 Bc8 35. Ra2 Ba6 36. Qc6 Bd3 37. a6 Qg5 38. a7 Bb1 39. a8=Q Bxa2 40. Qxa2 e4 41. Qb2 Qf5 42. Qbc2 Qe5 43. Qc7 Qa1+ 44. Kh2 Qe5 45. Qd7 Qh5+ 46. Bh3 Qe5 47. Kg2 e3 48. Qe6+ Qxe6 49. Bxe6+ Kg7 50. Qc3+ Kg6 51. fxe3 Rf6 52. Qd3+ Kg5 53. e4 h5 54. Qd2+ Kg6 55. Kh3 Rf3 56. Kh4 Kg7 57. Qg5+ Kh7 58. Qxh5+ Kg7 59. Qxf3 Kg6 60. g4 Kh7 61. g5 Kg6 62. Qf6+ Kh7 63. g6+ Kh6 64. g7+ Kh7 65. g8=Q# 1-0


[Site "https://www.chess.com"]

[Event "Titled Tuesday Blitz March 07 Early 2023"]
[White "Biriukov, Ilja"]
[Black "Grigoryan, Meri"]
[WhiteFideId "4113373"]
[BlackFideId "13300571"]
[WhiteElo "2426"]
[BlackElo "1919"]
[Result "0-1"]
[Round "11"]
[TimeControl "180+2"]
[Date "2023.03.07"]
[WhiteClock "0:00:12"]
[BlackClock "0:00:09"]

1. e4 c6 2. d4 d5 3. exd5 cxd5 4. c4 Nf6 5. Nf3 e6 6. c5 Nc6 7. Nc3 Be7 8. Bd3 O-O 9. Be3 Re8 10. a3 Bf8 11. b4 e5 12. dxe5 Nxe5 13. Nxe5 Rxe5 14. Ne2 Bg4 15. O-O b6 16. Bd4 Rh5 17. f3 Be6 18. Nf4 Rh6 19. cxb6 axb6 20. Qe2 Nh5 21. Nxh5 Rxh5 22. f4 Rh4 23. g3 Rh6 24. f5 Bc8 25. f6 gxf6 26. Be3 Rg6 27. Bxg6 fxg6 28. Bd4 Bg7 29. Qf2 Bf5 30. Bxb6 Qd6 31. Bc5 Qc6 32. Rfc1 Be4 33. Bd4 Qe6 34. b5 Bh6 35. Rc6 Qh3 36. Rxf6 Rf8 37. Rxf8+ Bxf8 38. Rf1 Bf5 39. b6 Bd6 40. b7 Qg4 41. Ba7 Qa4 42. b8=Q+ Bxb8 43. Bxb8 d4 44. Be5 d3 45. Qd4 Qc2 46. Qd5+ Kf8 47. Qd6+ Kf7 48. Qf6+ Ke8 49. Qh8+ Kd7 50. Qxh7+ Ke6 51. Qg8+ Kxe5 52. Re1+ Kd4 53. Qd8+ Kc3 54. Qc7+ Kd2 55. Qxc2+ dxc2 56. Rf1 c1=Q 57. Rxc1 Kxc1 58. a4 Bd3 59. Kg2 Kd2 60. h4 Ke3 61. g4 Kf4 62. Kh3 Be2 63. a5 g5 64. h5 Bxg4+ 65. Kg2 Bxh5 66. a6 Be8 67. a7 Bc6+ 68. Kg1 g4 0-1


[Site "https://www.chess.com"]

[Event "Titled Tuesday Blitz March 07 Early 2023"]
[White "Pissama Ntsaou, Martial"]
[Black "Hartikainen, Jarmo"]
[WhiteFideId "17400864"]
[BlackFideId "503134"]
[WhiteElo "2059"]
[BlackElo "2190"]
[Result "0-1"]
[Round "11"]
[TimeControl "180+2"]
[Date "2023.03.07"]
[WhiteClock "0:00:55"]
[BlackClock "0:00:12"]

1. e4 c5 2. Nf3 Nc6 3. Bb5 g6 4. O-O Bg7 5. c3 Nf6 6. Qe2 O-O 7. a4 d6 8. d4 Bg4 9. Nbd2 cxd4 10. Bxc6 bxc6 11. cxd4 d5 12. e5 Nd7 13. h3 Bxf3 14. Nxf3 e6 15. b4 a5 16. Ba3 axb4 17. Bxb4 c5 18. dxc5 Qc7 19. c6 Nxe5 20. Ra2 Nxf3+ 21. Qxf3 Rfb8 22. Bd2 Qxc6 23. Rc1 Qd7 24. a5 Rb5 25. a6 Rb6 26. Qd3 Qa7 27. Be3 d4 28. Bxd4 Bxd4 29. Qxd4 Rxa6 30. Rac2 Qxd4 31. Rc4 Qd2 32. R4c2 Ra1 33. Rxd2 Rxc1+ 34. Kh2 Kg7 35. Rb2 Raa1 36. Rd2 Rd1 37. Kg3 Rxd2 38. f3 Raa2 39. Kf4 Rxg2 40. h4 Rh2 41. h5 Rhb2 42. Kg3 Rb4 43. f4 gxh5 44. f5 exf5 45. Kf3 Kf6 46. Ke3 h4 47. Kd3 h3 48. Kc3 Rba4 49. Kb3 R2a3+ 50. Kb2 h2 51. Kb1 Rg3 52. Kb2 Rg2+ 53. Kb3 h1=Q 54. Kxa4 Qh3 55. Kb5 Rg4 56. Kb6 Qb3+ 57. Kc7 Qc4+ 58. Kd8 Qd5+ 59. Ke8 Qe6+ 60. Kf8 Rc4 61. Kg8 Rc8+ 62. Kxh7 Qe4 63. Kh6 Qf4+ 64. Kh5 Qh2# 0-1


[Site "https://www.chess.com"]

[Event "Titled Tuesday Blitz March 07 Early 2023"]
[White "Vargas, Mauricio"]
[Black "Kuchava, Ana"]
[WhiteFideId "4404572"]
[BlackFideId "13605348"]
[WhiteElo "2025"]
[BlackElo "2001"]
[Result "0-1"]
[Round "11"]
[TimeControl "180+2"]
[Date "2023.03.07"]
[WhiteClock "0:00:01"]
[BlackClock "0:00:05"]

1. e4 c5 2. Nc3 Nc6 3. f4 e6 4. Nf3 d5 5. e5 a6 6. g4 h5 7. g5 Nge7 8. Bg2 Nf5 9. O-O Be7 10. d3 Rb8 11. Ne2 h4 12. h3 b5 13. c3 Bb7 14. Qe1 c4 15. d4 a5 16. a3 Qb6 17. Kh2 b4 18. axb4 axb4 19. Bd2 Kd7 20. Ra4 b3 21. Qa1 Ra8 22. Rxa8 Rxa8 23. Qb1 g6 24. Be1 Rh8 25. Bf2 Qa5 26. Kg1 Qa2 27. Qxa2 bxa2 28. Ra1 Ra8 29. Nc1 Na5 30. Rxa2 Nb3 31. Rxa8 Bxa8 32. Nxb3 cxb3 33. Nd2 Kc6 34. Nxb3 Kb5 35. Nd2 Ka4 36. Bf1 Bc6 37. Be2 Bb5 38. Bd1+ Ka5 39. Nb3+ Ka6 40. Nd2 Ka5 41. Nf3 Ba4 42. b3 Bb5 43. Nxh4 Bd3 44. Nxf5 Bxf5 45. Be1 Ba3 46. c4+ Kb6 47. c5+ Kc6 48. Be2 Bb2 49. Bf2 Bc3 50. Be3 Bxh3 51. Kh2 Bf5 52. Kg3 Bc2 53. Kf2 Bxb3 54. Bf1 Bc4 55. Bxc4 dxc4 56. Ke2 Kd5 57. Kd1 Ba5 58. Ke2 Bc3 59. Kd1 Ba5 60. Kc2 Bb4 0-1


[Site "https://www.chess.com"]

[Event "Titled Tuesday Blitz March 07 Early 2023"]
[White "Necula, Iulian"]
[Black "Tarnowska, Aleksandra"]
[WhiteFideId "1232380"]
[BlackFideId "1180967"]
[WhiteElo "1790"]
[BlackElo "1776"]
[Result "0-1"]
[Round "11"]
[TimeControl "180+2"]
[Date "2023.03.07"]
[WhiteClock "0:01:35"]
[BlackClock "0:01:41"]

1. d4 d5 2. Nc3 Nf6 3. Bf4 e6 4. Nb5 Bd6 5. Nxd6+ cxd6 6. e3 O-O 7. Nf3 Nc6 8. c3 Re8 9. Be2 e5 10. Bg3 Qb6 11. Rb1 Bf5 12. Rc1 Qxb2 13. O-O Ne4 14. Rb1 Qxa2 15. Rxb7 Nxc3 16. Qe1 Nxe2+ 17. Kh1 Nxg3+ 18. hxg3 exd4 19. Nh4 Bd3 20. Rg1 dxe3 21. fxe3 d4 22. Qf2 Qxf2 0-1


[Site "https://www.chess.com"]

[Event "Titled Tuesday Blitz March 07 Early 2023"]
[White "Michalski, Olaf"]
[Black "Tanmay Jain"]
[WhiteFideId "1106740"]
[BlackFideId "45015481"]
[WhiteElo "2173"]
[BlackElo "2032"]
[Result "0-1"]
[Round "11"]
[TimeControl "180+2"]
[Date "2023.03.07"]
[WhiteClock "0:00:01"]
[BlackClock "0:00:10"]

1. d4 Nf6 2. Nf3 g6 3. Bf4 Bg7 4. e3 O-O 5. h3 d5 6. Be2 Nbd7 7. O-O c6 8. c4 Ne4 9. Nc3 Nxc3 10. bxc3 Re8 11. Qb3 dxc4 12. Bxc4 e6 13. a4 Nb6 14. Be2 Nd5 15. Bh2 b6 16. c4 Ne7 17. Rfd1 Bd7 18. Ne5 Qc8 19. Bf3 Rd8 20. a5 bxa5 21. Rxa5 Be8 22. Qa3 Qb7 23. Ra1 f6 24. Nd3 e5 25. Nc5 Qc8 26. Rxa7 Rxa7 27. Qxa7 Nf5 28. dxe5 fxe5 29. g4 Nd6 30. Qa4 Bf7 31. Rc1 Be8 32. Ne4 Nf7 33. c5 Qe6 34. Qc4 Qe7 35. Nd6 Kf8 36. Nxe8 Qxe8 37. Be4 Ng5 38. Bg2 Ne6 39. Bg3 Rd2 40. Kh2 Qd7 41. Ra1 Kf7 42. Ra6 Bf8 43. Rxc6 Qe7 44. Ra6 h5 45. Bxe5 hxg4 46. Bd5 Rxf2+ 47. Kg1 Rd2 48. Bxe6+ Ke8 49. Ra8+ Qd8 50. Qb5+ Ke7 51. Bd6+ Rxd6 52. Rxd8 Rxd8 53. Qb7+ Kxe6 54. Qe4+ Kf6 55. hxg4 Bxc5 56. Qf4+ Ke6 57. Qf3 Bd6 58. Qe4+ Kf6 59. Qd4+ Kf7 60. Qd5+ Ke7 61. Qg5+ Kf7 62. Qxd8 Be7 63. Qxe7+ Kxe7 64. g5 Ke6 65. Kg2 Kf5 0-1


[Site "https://www.chess.com"]